AoeStats
← Lil Fabrice

Nomad

509882347Analyzed
2v2 RM · 4d ago on Sep 28, 2026· 28m 33s· 4 players
Game mode
Random Map
Map size
176×176
Population
200
Speed
Normal
Resources
Standard
Victory
Conquest
Starting age
Dark Age
Ending age
Imperial Age
RankedLock teamsTeams togetherTeam positionsShared explorationLock speedFull tech treeHidden civsTurbo modeCheats
Victory
Defeat
🇫🇷 Spanish · France
1612
+10
🇫🇷 Dravidians · France
1543
+13
🇨🇳 Bengalis · China
1531
-13
🇦🇺 Varangians · Australia
1430
-10
Terminally Chill
5:13 Loom
15:14 Feudal Age
16:09 Double-Bit Axe
16:09 Fishing Lines
19:34 Castle Age
20:50 Fletching
21:38 Bow Saw
21:54 Bodkin Arrow
22:40 Padded Archer Armor
23:00 Town Watch
26:17 Wheelbarrow
AM | UltraSeven
4:38 Loom
13:21 Feudal Age
14:26 Double-Bit Axe
14:32 Town Watch
14:42 Stone Mining
14:45 Gold Mining
16:53 Fletching
20:15 Wheelbarrow
25:47 Castle Age
26:25 Bodkin Arrow
26:41 Medium Warships
27:28 Clinker Construction
Lil Fabrice
4:57 Loom
14:32 Feudal Age
16:38 Scale Mail Armor
17:34 Forging
17:44 Fletching
20:46 Castle Age
21:23 Bodkin Arrow
23:30 Double-Bit Axe
24:58 Medium Warships
27:41 Padded Archer Armor
28:15 Fishing Lines
iFxrY
12:17 Feudal Age
14:09 Loom
17:00 Castle Age
16:17 Stone Mining
16:36 Double-Bit Axe
17:58 Bow Saw
18:44 Fishing Lines
19:20 Gold Mining
20:17 Horse Collar
25:32 Padded Archer Armor
27:54 Fletching
29:20 Leather Archer Armor
Connection lost

Rejoining the realm…

Still unreachable

The connection could not be restored.

Session expired

The server has moved on; the page needs a fresh start.